[Event "*** Titled Tuesday Blitz"]
[Site "Chess.com"]
[Date "2021.03.02"]
[Round "1"]
[White "UCantHandleDenker"]
[Black "LEGENYA1998"]
[Result "1-0"]
[WhiteElo "2552"]
[BlackElo "2243"]
[TimeControl "180+1"]
[EndTime "10:06:31 PST"]
[Termination "UCantHandleDenker won by resignation"]

1. Nf3 Nf6 2. d3 c6 3. g3 d5 4. Bg2 g6 5. O-O Bg7 6. Nbd2 O-O 7. e4 Bg4 8. h3 Bxf3 9. Qxf3 e6 10. Qe2 Nbd7 11. Re1 e5 12. Nf3 Re8 13. b3 d4 14.
a4 c5 15. Nd2 Rb8 16. Nc4 Qc7 17. Rf1 b6 18. Qe1 a6 19. f4 b5 20. axb5 axb5 21. Nxe5 Nxe5 22. fxe5 Nd7 23. Bf4 Nxe5 24. Qa5 Qd7 25. Qa7 Qxa7 26. Rxa7 f6 27. Bxe5 Rxe5 28. Rfa1 h5 29. h4 Bh6 30. Rc7 Be3+ 31. Kh2 Bh6 32.
Ra6 Bg7 33. Bh3 b4 34. Be6+ Kh8 35. Bf7 Kh7 36. Bc4 Kh6 37. Kh3 Rh8 38. Rac6 Bf8 39. Bd5 Bd6 40. Rxd6 f5 41. exf5 Rxf5 42. Be4 1-0

[Event "*** Titled Tuesday Blitz"]
[Site "Chess.com"]
[Date "2021.03.02"]
[Round "1"]
[White "Kostukov_Alex"]
[Black "Aygehovit1992"]
[Result "0-1"]
[WhiteElo "2317"]
[BlackElo "2623"]
[TimeControl "180+1"]
[EndTime "10:06:34 PST"]
[Termination "Aygehovit1992 won on time"]

1. g3 d5 2. Bg2 e5 3. c4 d4 4.
d3 g6 5. Nf3 Bg7 6. O-O Nc6 7. a3 a5 8. Re1 Nge7 9. Bg5 h6 10. Bxe7 Qxe7 11. Nbd2 O-O 12. e3 dxe3 13. Rxe3 Bf5 14. Ne4 Rad8 15. Qb3 b6 16. Qb5 Nd4 17. Nxd4 Rxd4 18. c5 Bd7 19. Qa6 f5 20. Nc3 Qxc5 21. Rc1 f4 22. Ree1 fxg3 23. hxg3 Bc8 24. Qa7 Rd7 25. Ne4 Qe7 26. Rc6 Qd8 27. Rec1 Rff7 28. Rxg6 Rxd3 29. Rgc6 Rd1+ 30. Kh2 Rxc1 31. Rxc1 c5 32.
Qb8 Qc7 0-1

[Event "*** Titled Tuesday Blitz"]
[Site "Chess.com"]
[Date "2021.03.02"]
[Round "1"]
[White "ukchessbomber"]
[Black "Lyschko"]
[Result "1-0"]
[WhiteElo "2523"]
[BlackElo "2165"]
[TimeControl "180+1"]
[EndTime "10:06:34 PST"]
[Termination "ukchessbomber won on time"]

1. d4 d6 2. c4 e5 3. d5 f5 4. e4 fxe4 5. Nc3 Nf6 6. Nge2 Bf5 7. Ng3 Bg6 8. Qb3 Nbd7 9. Qxb7 Rb8 10. Qxa7 Ra8 11.
Qb7 Rb8 12. Qc6 Rb6 13. Qa4 Be7 14. Be2 O-O 15. O-O Nc5 16. Qd1 Qb8 17. Nb5 Nd3 18. Be3 Rb7 19. Nxe4 Nxb2 20. Nxf6+ Bxf6 21. Qb3 e4 22. a4 Nd3 23. Ra2 Be5 24. a5 Qd8 25. a6 Rxb5 26. cxb5 Qh4 27. g3 Qh3 28. Bxd3 exd3 29.
f4 Be4 30. a7 d2 31. Rxd2 Bxf4 32. Rxf4 Rxf4 33. a8=Q+ 1-0

[Event "*** Titled Tuesday Blitz"]
[Site "Chess.com"]
[Date "2021.03.02"]
[Round "1"]
[White "dodorox"]
[Black "maxip32"]
[Result "0-1"]
[WhiteElo "2167"]
[BlackElo "2521"]
[TimeControl "180+1"]
[EndTime "10:06:34 PST"]
[Termination "maxip32 won on time"]

1. d4 Nf6 2. c4 g6 3. Nc3 Bg7 4. e4 d6 5. Nf3 O-O 6. h3 e5 7.
d5 Nh5 8. g3 f5 9. exf5 gxf5 10. Nh4 Nf4 11. Be3 Na6 12. Qd2 Ng6 13. Nxg6 hxg6 14.
h4 Kf7 15. h5 Rh8 16. Be2 Bf6 17. hxg6+ Kxg6 18. O-O-O Bd7 19. Rxh8 Qxh8 20. Bf3 Qg7 21. Rh1 Rh8 22. Qd1 Rxh1 23. Qxh1 Qh7 24. Qxh7+ Kxh7 25.
Kd2 b6 26. a3 Nc5 27. Bxc5 dxc5 28. Nb5 e4 29. Be2 Bxb2 30. a4 Bd4 31. Nxa7 Bxf2 0-1

[Event "*** Titled Tuesday Blitz"]
[Site "Chess.com"]
[Date "2021.03.02"]
[Round "1"]
[White "skoularikii"]
[Black "HouseOfDurin"]
[Result "1-0"]
[WhiteElo "2518"]
[BlackElo "2158"]
[TimeControl "180+1"]
[EndTime "10:06:34 PST"]
[Termination "skoularikii won on time"]

1. e4 c5 2. Nf3 Nc6 3. Nc3 e5 4.
Bc4 g6 5. h4 h6 6. d3 Bg7 7. Be3 d6 8. Qd2 Nge7 9. a4 f5 10. g3 Qa5 11. Nb5 Qxd2+ 12. Nxd2 Kd7 13. a5 a6 14. Nc3 Nd4 15. Bxd4 exd4 16. Na4 Kc6 17.
O-O-O Rb8 18. Nb6 Bd7 19. Rhe1 Rhf8 20. exf5 Nxf5 21. Bd5+ Kc7 22. g4 Rbe8 23. gxf5 Bxf5 24. Ne4 Be5 25. Rg1 h5 26. Kb1 Bg4 27. Rde1 Bf4 28. Ng5 Bd2 29. Rxe8 Rxe8 30. Be4 Bf5 31. Nd5+ Kc6 32.
Nf6+ 1-0

[Event "*** Titled Tuesday Blitz"]
[Site "Chess.com"]
[Date "2021.03.02"]
[Round "1"]
[White "Sokoloco"]
[Black "Murad_Ibrahimli"]
[Result "0-1"]
[WhiteElo "2439"]
[BlackElo "2853"]
[TimeControl "180+1"]
[EndTime "10:06:36 PST"]
[Termination "Murad_Ibrahimli won by resignation"]

1. b3 e5 2. Bb2 Nc6 3. e3 Nf6 4.
Bb5 Bd6 5. Nf3 Qe7 6. d4 exd4 7. Nxd4 Nxd4 8. Qxd4 a6 9. Bd3 b6 10. O-O Bb7 11. Nd2 h5 12. Qh4 O-O-O 13. Nc4 Bc5 14. a3 Qe6 15. Qg5 h4 16. h3 Rh5 17. Qf4 Ne4 18. Rad1 f6 19. Qg4 Rg5 20. Qxe6 dxe6 21. f3 Ng3 22. Rfe1 Nf5 23. Kf2 b5 24. Nd2 Bxe3+ 25.
Rxe3 Rxg2+ 26. Kxg2 Nxe3+ 27. Kg1 Nxd1 28. Bd4 Rxd4 0-1

[Event "*** Titled Tuesday Blitz"]
[Site "Chess.com"]
[Date "2021.03.02"]
[Round "1"]
[White "Mazanchenko_Dmitry"]
[Black "lagedema"]
[Result "0-1"]
[WhiteElo "2077"]
[BlackElo "2501"]
[TimeControl "180+1"]
[EndTime "10:06:36 PST"]
[Termination "lagedema won by checkmate"]

1. e4 c6 2. Nc3 d5 3. Nf3 Nf6 4. e5 Ne4 5. d3 Nxc3 6. bxc3 Bg4 7. d4 e6 8. h3 Bh5 9. Bd3 Nd7 10. c4 Bb4+ 11. Kf1 dxc4 12. Bxc4 Nb6 13. Bb3 Bc3 14. Rb1 Bxf3 15. Qxf3 Qxd4 16. Ba3 Qxe5 17. g3 Qf6 18. Qe2 Qe5 19. Qf3 c5 20. Qxb7 O-O 21. Kg2 Rfb8 22.
Qa6 c4 23. Ba4 Qe4+ 24. Kh2 Bd4 25. Rhf1 h5 26. h4 Qf3 27. Bd6 Rd8 28. Bf4 e5 29.
Be3 Bxe3 30. fxe3 Rd2+ 31. Kh3 Qg2# 0-1

[Event "*** Titled Tuesday Blitz"]
[Site "Chess.com"]
[Date "2021.03.02"]
[Round "1"]
[White "ljuks68"]
[Black "PSvidler"]
[Result "0-1"]
[WhiteElo "2455"]
[BlackElo "2913"]
[TimeControl "180+1"]
[EndTime "10:06:38 PST"]
[Termination "PSvidler won on time"]

1. e4 c5 2. Nf3 d6 3. d4 cxd4 4. Nxd4 Nf6 5. Nc3 a6 6. Bg5 Nbd7 7. Qe2 h6 8. Bh4 g6 9. f4 Bg7 10. e5 dxe5 11. fxe5 Nxe5 12. Qxe5 Nh5 13. Qxe7+ Qxe7+ 14. Bxe7 Kxe7 15. O-O-O Rd8 16. Nf3 Rxd1+ 17. Nxd1 Be6 18.
Bd3 Rd8 19. Be4 b6 20. Re1 f5 21. Bb7 a5 22. g3 Kf6 23. Nc3 Bf8 24. Rd1 Rxd1+ 25.
Kxd1 Bb4 26. Nd5+ Bxd5 27. Bxd5 g5 28. c3 Bc5 29. Ke2 g4 30. Nd4 Ke5 31. Bf7 Nf6 32. Nb3 Bg1 33. Kf1 Be3 34. Ke2 f4 35. gxf4+ Bxf4 36. Nd4 Bxh2 37. Kf2 h5 38. Kg2 Bf4 39. Nc6+ Kd6 40. Nd4 Ke5 41. Nc6+ Ke4 42. b4 h4 43. bxa5 bxa5 0-1

[Event "*** Titled Tuesday Blitz"]
[Site "Chess.com"]
[Date "2021.03.02"]
[Round "1"]
[White "rpragchess"]
[Black "Tekushka"]
[Result "1-0"]
[WhiteElo "2866"]
[BlackElo "2441"]
[TimeControl "180+1"]
[EndTime "10:06:39 PST"]
[Termination "rpragchess won on time"]

1. c4 e5 2. Nc3 Bb4 3. Nd5 a5 4. Nf3 e4 5. Nd4 Nf6 6. Qc2 O-O 7. Nxf6+ Qxf6 8. Qxe4 Nc6 9. Nf3 d6 10. a3 Bc5 11. e3 Bd7 12. Bd3 g6 13. Qh4 Qg7 14. O-O Ne5 15. Be2 Bc6 16. d4 Nxf3+ 17. Bxf3 Bxf3 18.
gxf3 Bb6 19. Bd2 c6 20. Bc3 d5 21. cxd5 cxd5 22. Rad1 Rfe8 23. Rfe1 Re6 24. e4 Rae8 25. e5 g5 26. Qg4 Qg6 27. h4 gxh4 28. Kh2 h5 29. Qxh4 Qf5 30. Rg1+ Rg6 31. Rxg6+ fxg6 32. Rg1 Kf7 33. Rg3 Re6 34. Kg2 Kg7 35. Bd2 Kf7 36. Be3 Qd3 37. Rg5 Qc2 38. Qf4+ Kg7 39. Qg3 Bd8 40. Rxh5 1-0

[Event "*** Titled Tuesday Blitz"]
[Site "Chess.com"]
[Date "2021.03.02"]
[Round "1"]
[White "Flawless_Fighter"]
[Black "Kaua18"]
[Result "1-0"]
[WhiteElo "2653"]
[BlackElo "2343"]
[TimeControl "180+1"]
[EndTime "10:06:40 PST"]
[Termination "Flawless_Fighter won on time"]

1. d4 Nf6 2. Nc3 d6 3. e4 g6 4.
Be3 Bg7 5. f3 c6 6. Qd2 Nbd7 7. h4 h5 8. Nh3 Qa5 9. O-O-O b5 10. Kb1 b4 11. Ne2 Nb6 12. Nc1 Be6 13. Ng5 Bc4 14. Nb3 Qb5 15. Bd3 a5 16. Nc1 a4 17. b3 axb3 18. cxb3 Bxd3+ 19. Qxd3 Qa5 20. Rd2 Nfd7 21. Rc2 c5 22. Rd1 O-O 23. g4 cxd4 24. Bxd4 Nc5 25. Qe3 Rfc8 26. Bxg7 Kxg7 27. gxh5 gxh5 28.
Rg1 1-0

[Event "*** Titled Tuesday Blitz"]
[Site "Chess.com"]
[Date "2021.03.02"]
[Round "1"]
[White "anon481216"]
[Black "gemarin"]
[Result "1-0"]
[WhiteElo "2482"]
[BlackElo "1905"]
[TimeControl "180+1"]
[EndTime "10:06:40 PST"]
[Termination "anon481216 won on time"]

1. d4 d5 2. c4 c6 3. Nf3 Nf6 4.
Nc3 e6 5. Bg5 h6 6. Bh4 dxc4 7.
e4 g5 8. Bg3 b5 9. Be2 Bg7 10.
e5 Nd5 11. a4 Nxc3 12. bxc3 Bb7 13. h4 a6 14. hxg5 hxg5 15. Rxh8+ Bxh8 16. Nd2 c5 17. Bf3 Nc6 18. Ne4 Kf8 19. Nxc5 Qc8 20. Qd2 g4 21. Bxg4 Ne7 22. Nxb7 Qxb7 23. Bf3 Nd5 24. Bh4 Bg7 25. Bf6 Rc8 26. Qg5 Bxf6 27.
exf6 Ke8 28. Qg8+ Kd7 29. Qxf7+ Kc6 30. Qxe6+ Kc7 31. Qf7+ Kb6 32. Qxb7+ Kxb7 33. Bxd5+ Kb6 34. axb5 Re8+ 35. Kd2 1-0

[Event "*** Titled Tuesday Blitz"]
[Site "Chess.com"]
[Date "2021.03.02"]
[Round "1"]
[White "felipelobo"]
[Black "Angel_Hranitel_37"]
[Result "0-1"]
[WhiteElo "2101"]
[BlackElo "2506"]
[TimeControl "180+1"]
[EndTime "10:06:41 PST"]
[Termination "Angel_Hranitel_37 won by checkmate"]

1. e4 c6 2. d4 g6 3. Bf4 Bg7 4. Nc3 Qb6 5. Nge2 Qxb2 6. Rb1 Qa3 7. Qd2 Nf6 8. h4 h5 9. g3 b6 10. Bg2 Ba6 11. O-O O-O 12. Bh6 Qa5 13. Rb3 Bc4 14. Bxg7 Kxg7 15. e5 Ng4 16. f3 Nh6 17. Ne4 Qxd2 18.
Nxd2 Bxe2 19. Rf2 Ba6 20. g4 hxg4 21. fxg4 Nxg4 22. Rf4 Nh6 23. h5 g5 24. Rg3 f6 25.
Ne4 Kh7 26. exf6 gxf4 27. Rg7+ Kh8 28. Rxe7 Rf7 29. Ng5 Rxf6 30. Rh7+ Kg8 31. Be4 Nf7 32. Nxf7 Rxf7 33. Rh6 d5 34. Bg6 Rg7 35. Kf2 Nd7 36. Kf3 Rf8 37. Rh7 Rxh7 38. Bxh7+ Kh8 39. Bg6 Kg7 40. Kg4 Nf6+ 41. Kg5 Ne4+ 42. Kg4 f3 43. Bxe4 dxe4 44. h6+ Kxh6 45. c4 f2 46. d5 f1=Q 47. dxc6 Qf3+ 48. Kh4 Rf4# 0-1

[Event "*** Titled Tuesday Blitz"]
[Site "Chess.com"]
[Date "2021.03.02"]
[Round "1"]
[White "slavenok"]
[Black "Arvids_Andrejevs"]
[Result "1-0"]
[WhiteElo "2702"]
[BlackElo "2368"]
[TimeControl "180+1"]
[EndTime "10:06:42 PST"]
[Termination "slavenok won by resignation"]

1. e4 e5 2. d4 exd4 3. Nf3 Nc6 4. Bc4 Nf6 5. Qe2 d6 6. h3 Be7 7. O-O O-O 8. Rd1 Be6 9. Bb5 d5 10. Bxc6 bxc6 11. Nxd4 Nxe4 12. Nxc6 Qd6 13. Nxe7+ Qxe7 14. c4 c6 15. cxd5 cxd5 16. Be3 Qf6 17. f3 Ng3 18. Qf2 Nf5 19. Nc3 Rfd8 20. Bd4 Qg6 21. Be5 Rac8 22. Rac1 Rc4 23. b3 Rh4 24. Nxd5 Bxd5 25.
Rxd5 Re8 26. Re1 Rxh3 27. Bc3 Rxe1+ 28. Bxe1 h5 29. Rxf5 Qxf5 30. gxh3 Qxh3 31. Qg3 Qf5 32. Qb8+ Kh7 33. Qg3 g6 34. a4 Qb1 35. b4 Qd1 36. a5 a6 37. Qf2 Qd6 38. Bc3 Qd1+ 39. Kg2 Qd5 40. Qd4 Qg5+ 41. Kf2 f6 42. Qxf6 1-0

[Event "*** Titled Tuesday Blitz"]
[Site "Chess.com"]
[Date "2021.03.02"]
[Round "1"]
[White "PawnEatingZombie"]
[Black "AldokhinIvan"]
[Result "0-1"]
[WhiteElo "2188"]
[BlackElo "2527"]
[TimeControl "180+1"]
[EndTime "10:06:42 PST"]
[Termination "AldokhinIvan won on time"]

1. d4 Nf6 2. c4 g6 3. Nc3 Bg7 4. e4 d6 5. Be2 O-O 6. Be3 Nc6 7.
d5 Nb4 8. Nf3 Re8 9. O-O e6 10.
a3 Na6 11. Qc2 exd5 12. cxd5 Nc5 13. Nd2 Qe7 14. f3 a6 15. Rae1 Nh5 16. b4 Nd7 17. g4 Nhf6 18. h3 Nb6 19. Bd3 Bd7 20. Bf2 Qe5 21. Rc1 h5 22. Kg2 hxg4 23. hxg4 Bxg4 24. fxg4 Nxg4 25. Bg3 Ne3+ 26. Kf3 Qg5 27. Bf4 Qg2+ 28. Kxe3 Bxc3 29. Qxc3 Nxd5+ 30. Kd4 Nxc3 31. Kxc3 c5 32. Bxd6 cxb4+ 33. axb4 Rac8+ 34. Nc4 b5 35. Bc5 bxc4 36. Bxc4 Rc7 37. Rg1 Qxe4 0-1

[Event "*** Titled Tuesday Blitz"]
[Site "Chess.com"]
[Date "2021.03.02"]
[Round "1"]
[White "FeketeBarika"]
[Black "eldur16"]
[Result "0-1"]
[WhiteElo "2187"]
[BlackElo "2529"]
[TimeControl "180+1"]
[EndTime "10:06:43 PST"]
[Termination "eldur16 won by resignation"]

1. Nf3 d6 2. g3 e5 3. d3 f5 4. Bg2 Nf6 5. O-O Be7 6. c4 O-O 7.
Nc3 c6 8. b3 a5 9. Bb2 Na6 10. a3 Be6 11. Qd2 Kh8 12. Rab1 Qd7 13. Ba1 Nh5 14. b4 axb4 15. axb4 f4 16. Ne4 Bh3 17. c5 Bxg2 18. Kxg2 d5 19. Nxe5 Qe6 20. Nd6 Bxd6 21. cxd6 Qxd6 22. b5 Nc5 23. bxc6 bxc6 24.
Qc3 Ra6 25. g4 f3+ 26. Nxf3 Nf4+ 27. Kh1 Nce6 28. e3 Nxd3 29. Qxd3 Ra3 30. Qd1 Ra2 31.
Be5 Qd7 32. Bg3 Nc5 33. Ne5 Qe6 34. Ra1 Rxa1 35. Qxa1 Ne4 36. Kg2 c5 37. Qb2 d4 38.
Nf3 Qd5 39. Qe2 d3 40. Qd1 Nc3 41. Qd2 Qxf3+ 42. Kg1 Ne2+ 0-1

[Event "*** Titled Tuesday Blitz"]
[Site "Chess.com"]
[Date "2021.03.02"]
[Round "1"]
[White "Karla"]
[Black "ural58"]
[Result "1-0"]
[WhiteElo "2254"]
[BlackElo "2523"]
[TimeControl "180+1"]
[EndTime "10:06:44 PST"]
[Termination "Karla won by resignation"]

1. e4 d5 2. d4 dxe4 3. Nc3 e5 4. dxe5 Qxd1+ 5. Kxd1 Bf5 6. Nge2 Nc6 7. Ke1 Nxe5 8. Nd4 Bg6 9. Bf4 Bd6 10. Ncb5 Nf3+ 11. gxf3 Bxf4 12. Ne2 Be5 13. f4 a6 14. fxe5 axb5 15. h4 h5 16. Nf4 Ne7 17. Bxb5+ c6 18. Be2 Ra5 19. e6 f6 20. Rd1 Bf5 21. Rg1 g6 22. Rd7 Bxe6 23. Rxe7+ Kxe7 24. Nxg6+ Kd6 25. Nxh8 Rxa2 26. Bxh5 Rxb2 27. Bd1 Ra2 28. h5 b5 29. h6 Ra7 30. Ng6 Rh7 31. Rh1 Bf5 32. Nf8 Rh8 33. h7 Ke7 34. Bg4 Rxf8 35. Bxf5 Rh8 36. Rg1 c5 37. Rg8 Rxh7 1-0

[Event "*** Titled Tuesday Blitz"]
[Site "Chess.com"]
[Date "2021.03.02"]
[Round "1"]
[White "Susal_De_Silva"]
[Black "tteshan"]
[Result "1-0"]
[WhiteElo "2657"]
[BlackElo "2344"]
[TimeControl "180+1"]
[EndTime "10:06:45 PST"]
[Termination "Susal_De_Silva won by resignation"]

1. e4 c5 2. Nf3 Nc6 3. Bb5 e6 4. O-O Nge7 5. Re1 a6 6. Bf1 d5 7. exd5 Nxd5 8. Nc3 Nxc3 9. bxc3 Be7 10.
d4 O-O 11. g3 b6 12. Bg2 Bb7 13. Rb1 Rc8 14. Be3 cxd4 15. Nxd4 Na5 16. Bxb7 Nxb7 17.
Qf3 Nd6 18. Nc6 Qc7 19. Nxe7+ Qxe7 20. Rxb6 Rxc3 21. Rxa6 Rxc2 22. Qd1 Qb7 23. Rxd6 Rxa2 24. Rd8 Ra8 25. Rd7 Qb5 26. h4 h6 27. Qd4 Rfc8 28. Rd1 Qf5 29. Qf4 Qg6 30. Rb7 Rd8 31. Rxd8+ Rxd8 32. Rb8 Rxb8 33. Qxb8+ Kh7 34. Qf4 Qb1+ 35. Kg2 Qb7+ 36.
Qf3 Qd7 37. h5 Kg8 38. Qa8+ Kh7 39. Qe4+ Kg8 40. g4 Qb5 41. Qa8+ Kh7 42. Qa7 Qd5+ 43.
Kg3 e5 44. Qe7 e4 45. Kf4 Kg8 46. Qe8+ 1-0

[Event "*** Titled Tuesday Blitz"]
[Site "Chess.com"]
[Date "2021.03.02"]
[Round "1"]
[White "Mikedannnn"]
[Black "Homyakova_Elena"]
[Result "1-0"]
[WhiteElo "2573"]
[BlackElo "2267"]
[TimeControl "180+1"]
[EndTime "10:06:45 PST"]
[Termination "Mikedannnn won by resignation"]

1. e4 c5 2. Nf3 Nc6 3. Bb5 g6 4.
O-O Bg7 5. Nc3 e5 6. Nd5 Nge7 7.
d3 Nxd5 8. exd5 Nd4 9. Nxd4 cxd4 10. f4 Qa5 11. a4 a6 12. Bc4 d6 13. Bd2 Qc7 14. a5 O-O 15. fxe5 dxe5 16. Bb4 Bd7 17. Bxf8 Rxf8 18. d6 Qc8 19. Qf3 Bc6 20. Bxf7+ Kh8 21. Qg3 Qd7 22. Bc4 Qxd6 23. Rxf8+ Qxf8 24. Rf1 Qb4 25. Qg5 Qd6 26. Rf7 h6 27. Qe7 Qxe7 28. Rxe7 Kh7 29.
Be6 g5 30. Bc8 Kg6 31. Bxb7 Bf6 32. Rc7 Bb5 33. Be4+ Kh5 34. c4 dxc3 35. bxc3 Bd8 36. Rg7 Bxa5 37. Bf3+ Kh4 38. g3+ Kh3 39. Rh7 Bb6+ 40.
Kh1 1-0

[Event "*** Titled Tuesday Blitz"]
[Site "Chess.com"]
[Date "2021.03.02"]
[Round "1"]
[White "Gerodot71"]
[Black "ellennilssen"]
[Result "1-0"]
[WhiteElo "2560"]
[BlackElo "2250"]
[TimeControl "180+1"]
[EndTime "10:06:45 PST"]
[Termination "Gerodot71 won by resignation"]

1. d4 Nf6 2. c4 g6 3. Nc3 d5 4. cxd5 Nxd5 5. e4 Nxc3 6. bxc3 Bg7 7. Nf3 c5 8. Bb5+ Nc6 9. O-O a6 10. Be2 cxd4 11. cxd4 Nxd4 12. Nxd4 Qxd4 13. Rb1 Qxd1 14. Rxd1 O-O 15. Be3 b5 16. a4 bxa4 17. Rb4 a3 18. Ra4 Be6 19. Rxa3 Rfd8 20. Rxd8+ Rxd8 21. Rxa6 h5 22. h4 Bf6 23. g3 Kg7 24. Kg2 Bd4 25. Bf4 Rc8 26. Ra4 Bf6 27. e5 Bd5+ 28. Bf3 Bxf3+ 29.
Kxf3 Bxe5 30. Bxe5+ f6 31. Bf4 Rc3+ 32. Kg2 e5 33.
Ra7+ Kg8 34. Bh6 Rc6 35. Kf3 Re6 36. Ke4 Rd6 37. Be3 Kh8 38. Bc5 Rd2 39. Rf7 Rc2 40.
Be3 f5+ 41. Kxe5 Rc6 42. Rf6 1-0

[Event "*** Titled Tuesday Blitz"]
[Site "Chess.com"]
[Date "2021.03.02"]
[Round "1"]
[White "mortngabriel"]
[Black "marvinguevara"]
[Result "0-1"]
[WhiteElo "2492"]
[BlackElo "2127"]
[TimeControl "180+1"]
[EndTime "10:06:45 PST"]
[Termination "marvinguevara won on time"]

1. e4 c5 2. Nf3 Nc6 3. Bb5 Nd4 4.
Nxd4 cxd4 5. O-O a6 6. Bc4 e6 7.
c3 b5 8. Bb3 Bc5 9. Qg4 Ne7 10.
Qxg7 Rg8 11. Qxh7 d3 12. Qh3 Bb7 13. Qxd3 f5 14. Qh3 Bxe4 15. Qh5+ Ng6 16. d4 Bd6 17. f3 Bb7 18. Bg5 Qc7 19. Re1 Be7 20. Nd2 O-O-O 21.
Bxe7 Nf4 22. Qh6 Rh8 23. Qf6 Rdg8 24. g3 Nd3 25. Kg2 Rxh2+ 26. Kf1 Rf2+ 0-1

[Event "*** Titled Tuesday Blitz"]
[Site "Chess.com"]
[Date "2021.03.02"]
[Round "1"]
[White "Snowflake"]
[Black "Szparu"]
[Result "1-0"]
[WhiteElo "2362"]
[BlackElo "2645"]
[TimeControl "180+1"]
[EndTime "10:06:46 PST"]
[Termination "Snowflake won on time"]

1. d4 Nf6 2. Nf3 g6 3. Nc3 d5 4. Bg5 Bg7 5. e3 O-O 6. Bd3 c5 7. dxc5 Nc6 8. O-O h6 9. Bh4 Qa5 10. Bg3 Qxc5 11. Ne5 Rd8 12. Ne2 Bd7 13. c3 a5 14. Nd4 Be8 15. Re1 Ne4 16. Nexc6 bxc6 17. Bxe4 dxe4 18. Qc2 e5 19. Nb3 Qc4 20. Rad1 a4 21. Nd2 Qd3 22. Qc1 f5 23. c4 Bf7 24. Nf3 Qxc4 25. Nxe5 Qxc1 26. Rxc1 Bxa2 27. Nxc6 Re8 28. Nd4 g5 29. Bd6 f4 30. Bc5 Rac8 31. Ba3 Bd5 32. Nf5 Be5 33. Rxc8 1-0

[Event "*** Titled Tuesday Blitz"]
[Site "Chess.com"]
[Date "2021.03.02"]
[Round "1"]
[White "McCarthyStone"]
[Black "sergiochess83"]
[Result "0-1"]
[WhiteElo "2447"]
[BlackElo "2902"]
[TimeControl "180+1"]
[EndTime "10:06:47 PST"]
[Termination "sergiochess83 won on time"]

1. e4 c5 2. g3 d5 3. exd5 Qxd5 4.
Nf3 Nc6 5. Bg2 Qe6+ 6. Kf1 Qd7 7. d3 Nf6 8. Na3 e6 9. Nc4 Be7 10. h3 O-O 11. Kg1 Nd5 12. Kh2 b6 13. Nfe5 Nxe5 14. Nxe5 Qc7 15. Re1 Bb7 16. Qg4 Bf6 17. f4 Rad8 18.
a3 g6 19. Bd2 Bg7 20. Qe2 b5 21. c4 bxc4 22. dxc4 Ne7 23. Bc3 Nf5 24. Rad1 h5 25.
Bxb7 Qxb7 26. Rxd8 Rxd8 27. Rd1 Rxd1 28. Qxd1 Qe4 29. Qd3 Qa8 30. Qd7 Bxe5 31. Bxe5 Ne3 0-1

[Event "*** Titled Tuesday Blitz"]
[Site "Chess.com"]
[Date "2021.03.02"]
[Round "1"]
[White "anpospan"]
[Black "Margency"]
[Result "1-0"]
[WhiteElo "2384"]
[BlackElo "2682"]
[TimeControl "180+1"]
[EndTime "10:06:47 PST"]
[Termination "anpospan won on time"]

1. d4 Nf6 2. c4 g6 3. Nc3 d5 4.
cxd5 Nxd5 5. e4 Nxc3 6. bxc3 Bg7 7. Bb5+ c6 8. Ba4 O-O 9. Bb3 c5 10. Be3 Qa5 11. Qd2 Nc6 12. Ne2 cxd4 13. cxd4 Qxd2+ 14. Kxd2 Rd8 15. Kc3 Bg4 16. f3 Rac8 17. Kb2 Bd7 18.
Rac1 Na5 19. Kb1 Nxb3 20. axb3 f5 21. d5 Bb5 22. Nf4 Bh6 23. Rxc8 Rxc8 24. exf5 Rc3 25. Bd2 Rxb3+ 26. Kc2 1-0

[Event "*** Titled Tuesday Blitz"]
[Site "Chess.com"]
[Date "2021.03.02"]
[Round "1"]
[White "PotapovaM"]
[Black "KarateBaby"]
[Result "1-0"]
[WhiteElo "2533"]
[BlackElo "2210"]
[TimeControl "180+1"]
[EndTime "10:06:47 PST"]
[Termination "PotapovaM won by checkmate"]

1. d4 g6 2. e4 Bg7 3. Nc3 d6 4. Be3 a6 5. h4 h6 6. Qd2 b5 7. h5 g5 8. f4 gxf4 9. Bxf4 Bb7 10.
Bd3 Nd7 11. Nf3 c5 12. dxc5 Nxc5 13. O-O-O Rc8 14. Nd5 Na4 15. c3 Bxd5 16. exd5 b4 17. Bc2 bxc3 18. Bxa4+ Kf8 19. Qd3 cxb2+ 20. Kb1 Qa5 21. Bb3 Nf6 22. Nd4 Nd7 23. Nc6 Qa3 24. Qe2 Re8 25. Rhe1 Ne5 26. Bxe5 Bxe5 27. Nxe5 dxe5 28.
Qxe5 f6 29. Qxb2 Qd6 30. Re6 Qg3 31. d6 Qg4 32. dxe7+ Kg7 33. Qxf6+ Kh7 34. Qf7+ Qg7 35. Bc2# 1-0

[Event "*** Titled Tuesday Blitz"]
[Site "Chess.com"]
[Date "2021.03.02"]
[Round "1"]
[White "onetowin"]
[Black "NikolaN98"]
[Result "0-1"]
[WhiteElo "2148"]
[BlackElo "2510"]
[TimeControl "180+1"]
[EndTime "10:06:47 PST"]
[Termination "NikolaN98 won by resignation"]

1. d4 e6 2. Nf3 f5 3. g3 Nf6 4.
Bg2 Be7 5. O-O O-O 6. c4 d6 7. Nc3 a5 8. Qc2 Nc6 9. d5 Nb4 10. Qb1 e5 11. e4 Nxe4 12. Nxe4 fxe4 13. Qxe4 Bf5 14. Qe2 Bd3 15. Qd2 Bxc4 16. Re1 Bxd5 17. Ng5 Bxg2 18. Ne6 Qd7 19. Nxf8 Qh3 20. f4 Bc6 21.
Ng6 hxg6 22. fxe5 Rf8 23. Qe2 Nd3 24. Rf1 Nxe5 25. Rxf8+ Bxf8 26. Bf4 Nf3+ 27. Kf2 Qxh2+ 28. Ke3 Qxe2+ 29. Kxe2 Be7 30. Rc1 Bf6 31. Rxc6 Nd4+ 32. Kd3 Nxc6 33. Bc1 Nb4+ 0-1

[Event "*** Titled Tuesday Blitz"]
[Site "Chess.com"]
[Date "2021.03.02"]
[Round "1"]
[White "Smile2005"]
[Black "swisspower96"]
[Result "0-1"]
[WhiteElo "2356"]
[BlackElo "2680"]
[TimeControl "180+1"]
[EndTime "10:06:48 PST"]
[Termination "swisspower96 won by resignation"]

1. Nf3 d5 2. g3 Nf6 3. Bg2 c5 4.
O-O e6 5. d3 Nc6 6. Nbd2 Be7 7.
e4 O-O 8. e5 Nd7 9. Re1 Qc7 10. Qe2 b5 11. h4 a5 12. Nf1 b4 13.
Bf4 Bb7 14. N1h2 Rfc8 15. h5 h6 16. Ng4 Bf8 17. Qd2 Qd8 18. Ne3 Nd4 19. c3 Nxf3+ 20. Bxf3 Rab8 21. Bg2 Nb6 22. Ng4 a4 23. Qe2 a3 24.
cxb4 axb2 25. Qxb2 cxb4 26. Rac1 Na4 27. Qd2 Rc3 28.
Be3 d4 29. Bf4 Bxg2 30. Kxg2 Nc5 31. Rxc3 dxc3 32. Qc2 Qxd3 33. Qc1 Qd5+ 34. f3 Nd3 35. Qe3 Nxe1+ 36. Qxe1 c2 37. Qe3 Rc8 38. Bxh6 c1=Q 39. Nf6+ gxf6 40. Qxc1 Rxc1 41. Bxc1 0-1

[Event "*** Titled Tuesday Blitz"]
[Site "Chess.com"]
[Date "2021.03.02"]
[Round "1"]
[White "Gerryisplaying"]
[Black "PelinGorki"]
[Result "1-0"]
[WhiteElo "2248"]
[BlackElo "2531"]
[TimeControl "180+1"]
[EndTime "10:06:48 PST"]
[Termination "Gerryisplaying won by resignation"]

1. d4 Nf6 2. Bg5 e6 3. e4 h6 4. Bxf6 Qxf6 5. c3 d5 6. Nd2 c5 7. Ngf3 Nc6 8. Bb5 a6 9. Bxc6+ bxc6 10. Qa4 Bd7 11. Ne5 Qd8 12. O-O Bd6 13. f4 O-O 14.
exd5 exd5 15. Ndf3 f6 16. Nxd7 Qxd7 17. dxc5 Bxc5+ 18. Kh1 Rfe8 19. Rae1 h5 20. Nd4 Rxe1 21. Rxe1 Re8 22. Rf1 Bxd4 23. Qxd4 Re4 24. Qd1 Qe8 25. h3 Re2 26. Kh2 Rxb2 27. Re1 Qb8 28. Qf3 g6 29.
Qg3 Kf7 30. Qe3 Qd6 31. Qe8+ Kg7 32. Re7+ Qxe7 33. Qxe7+ Kh6 34. Qxf6 Kh7 35. Qf7+ 1-0

[Event "*** Titled Tuesday Blitz"]
[Site "Chess.com"]
[Date "2021.03.02"]
[Round "1"]
[White "r31415"]
[Black "enriquebutti"]
[Result "0-1"]
[WhiteElo "2498"]
[BlackElo "2170"]
[TimeControl "180+1"]
[EndTime "10:06:48 PST"]
[Termination "enriquebutti won by resignation"]

1. d4 d5 2. c4 c6 3. Nf3 e6 4. e3 Nf6 5. b3 Ne4 6. Qc2 Bb4+ 7. Nfd2 Qf6 8. f3 Qh4+ 9. Ke2 Qf2+ 10. Kd3 Nxd2 11. Bxd2 Bd6 12. Bc3 Qh4 13. Nd2 O-O 14. g3 Bxg3 15. Be2 Bd6 16. Rag1 Nd7 17. Rg2 e5 18. Rhg1 g6 19. cxd5 cxd5 20. Bf1 Re8 21. Qb2 e4+ 22. Ke2 Nf6 23. f4 Bg4+ 24. Rxg4 Nxg4 25.
Rg2 Nxh2 26. b4 Rac8 27. Nb3 Nxf1 28. Kxf1 Qh1+ 29. Kf2 b6 30. Nd2 Rc7 31. Nf1 Qh4+ 32. Ng3 Rec8 33. Kg1 0-1